Map: Abyssal Reef LE

Players

Kelazhur - Winner!

  • Race: Terran Terran
  • Spawn Location: 5:00

Dolan

  • Race: Terran Terran
  • Spawn Location: 11:00

Event: WCS Austin 2017

VOD

Have the link to the VOD?

Description

Time

  • Played on: April 28, 2017, 4:43 p.m.
  • Length: 4:40

All games in this series

Show
View Real Time Build Order
Export as new Build Order

Kelazhur Terran - Winner!

Build Orders: 1/1/1, Cyclone Opening 

Get SALT Encoding   

  12  0:00  SCV  
  13  0:12  SCV  
  14  0:17  Supply Depot  
  14  0:25  SCV  
  14  0:27  Refinery  
  15  0:38  SCV  
  16  0:44  Barracks  
  16  0:50  SCV  
  16  0:55  Refinery  
  17  1:02  SCV  
  18  1:15  SCV  
  19  1:31  Orbital Command  
  19  1:32  Reaper  
  20  1:36  Factory  
  20  1:43  Supply Depot  
  20  1:57  SCV  
  21  2:04  Reaper  
  22  2:09  SCV  
  23  2:19  Cyclone  
  23  2:21  Starport, SCV  
  27  2:34  Supply Depot, SCV  
  28  2:47  Barracks Tech Lab, SCV  
  29  2:56  Cyclone  
  32  2:59  SCV  
  32  3:11  SCV  
  33  3:18  Banshee  
  36  3:23  SCV  
  37  3:28  Command Center  
  37  3:30  Barracks Reactor  
  38  3:41  SCV  
  38  3:48  Factory Tech Lab  
  35  3:49  Cyclone  
  35  3:51  Supply Depot  
  35  3:53  SCV  
  39  4:12  Marine x2  
  39  4:13  SCV  
  44  4:25  Factory Tech Lab, SCV  
  45  4:38  Barracks x2  
Show
View Real Time Build Order
Export as new Build Order

Dolan Terran 

Build Orders: 1/1/1 

Get SALT Encoding   

  12  0:00  SCV  
  13  0:13  SCV  
  14  0:17  Supply Depot  
  14  0:25  SCV  
  14  0:28  Refinery  
  15  0:39  SCV  
  16  0:45  Barracks  
  16  0:51  SCV  
  16  0:55  Refinery  
  17  1:03  SCV  
  18  1:15  SCV  
  19  1:32  Reaper, Orbital Command  
  20  1:38  Factory  
  20  1:50  Supply Depot  
  20  1:58  SCV  
  21  2:04  Reaper  
  22  2:10  SCV  
  23  2:22  SCV  
  26  2:23  Hellion  
  26  2:25  Starport  
  26  2:34  SCV  
  26  2:37  Reaper  
  30  2:44  Hellion  
  30  2:46  SCV  
  30  2:51  Supply Depot  
  30  3:08  SCV  
  30  3:09  Supply Depot  
  31  3:13  Reaper, Medivac, Hellion  
  36  3:20  SCV  
  29  3:48  Command Center  
  29  3:54  Cyclone  
  29  3:55  Barracks Reactor, Starport Tech Lab  
  32  4:01  SCV  
  33  4:09  Command Center  
  32  4:12  Barracks  
  32  4:13  SCV  
  35  4:25  Barracks Reactor  
  34  4:36  Factory Tech Lab  
Tags
 
Add a new tag
Caveats
  • Supply blocks, unpowered buildings, or Contaminate may cause inaccurate times.
  • Supply counts are checked every 10 seconds.